 Dungeon Sprint DCSS version 0.30-a0-883-g5ad918d77d (webtiles) character file.

Game seed: 13512159756846811942

214 sircluck the Covered (level 5, -10/38 HPs)
             Began as a Gargoyle Fighter on Mar 15, 2023.
             Mangled by a fire elemental (12 damage)
             ... summoned by a deep elf pyromancer
             ... in the Dungeon (Sprint III: "The Ten Rune Challenge").
             The game lasted 00:01:31 (326 turns).

sircluck the Covered (Gargoyle Fighter)              Turns: 326, Time: 00:01:32

Health: -10/38     AC: 12    Str: 22    XL:     5   Next: 92%
Magic:  5/5        EV: 10    Int:  8    God:
Gold:   22         SH:  5    Dex:  9    Spells: 4/4 levels left

rFire   . . .      SeeInvis .    a - +0 flail
rCold   . . .      Faith    .    c - +0 buckler
rNeg    + . .      Spirit   .    b - +0 scale mail
rPois   ∞          Reflect  .    (no helmet)
rElec   +          Rampage  .    (no cloak)
rCorr   .          NoTele   +    (no gloves)
Will    .....                    (no boots) Stlth
                                 (no amulet)
HPRegen 0.26/turn                (no ring)
MPRegen 0.09/turn                (no ring)

@: no status effects
A: sickness immunity, AC +4, negative energy resistance 1, electricity
resistance, torment resistance 1, petrification resistance
a: no special abilities


You were in the Dungeon.
You visited 1 branch You collected 22 gold pieces.

Inventory:

Hand Weapons
 a - a +0 flail (weapon)
Armour
 b - a +0 scale mail (worn)
 c - a +0 buckler (worn)
Scrolls
 j - a scroll of blinking
 l - 2 scrolls of immolation {unknown}
 m - 3 scrolls of identify
Potions
 e - a potion of curing
 f - a potion of heal wounds
 g - a potion of haste
 h - 2 potions of magic
 i - a potion of berserk rage
 k - a potion of attraction {unknown}
 n - a potion of flight {unknown}
 o - 6 potions of mutation
 p - a potion of resistance {unknown}


   Skills:
 + Level 7.5 Fighting
 + Level 5.0 Maces & Flails
 + Level 7.6 Armour
 + Level 1.4 Dodging
 + Level 7.0 Shields


You had 4 spell levels left.
You didn't know any spells.
Your spell library contained the following spells:

 Spells                   Type           Power      Damage    Failure   Level
 Kindle Blastsparks       Fire/Tloc/Air  0%         2d10      98%         3
 Summon Guardian Golem    Hex/Summ       0%         N/A       98%         3
 Fulminant Prism          Conj/Hex       0%         3d5       100%        4
 Iskenderun's Mystic Bla  Conj/Tloc      0%         2d3       100%        4
 Lee's Rapid Deconstruct  Erth           0%         3d4*      100%        5
 Orb of Destruction       Conj           0%         9d5       100%        7
 Spellforged Servitor     Conj/Summ      0%         N/A       100%        7


Dungeon Overview and Level Annotations

Branches:
Dungeon (1/1)

Altars:
Elyvilon
Kikubaaqudgha
Sif Muna
Vehumet
Zin
The Shining One


Innate Abilities, Weirdness & Mutations

You are immune to sickness and miasma.
Your stone body is resilient. (AC +4)
You are immune to poison.
You resist negative energy. (rN+)
You are resistant to electric shocks. (rElec)
You are resistant to unholy torment.
You are immune to petrification.


Message History

You add the spells Summon Guardian Golem, Orb of Destruction and Spellforged Servitor to your library.
You pick up a book of Blasting and begin reading...
You add the spells Kindle Blastsparks, Fulminant Prism, Iskenderun's Mystic Blast and Lee's Rapid Deconstruction to your library.
There is an open door, spattered with blood here.
Items here: )) [[ ††.
There is a fountain of clear blue water here.
There is an open door, spattered with blood here.
Items here: )) [[ ††.
Okay, then.
You open the door.
Found three altars.
A deep elf pyromancer comes into view.
It is wielding a +2 long sword of holy wrath.
Found a potion of curing.
The deep elf pyromancer shouts!
The deep elf pyromancer mumbles some strange words.
There is an open door here.
The deep elf pyromancer gestures at you while chanting.
You block the sticky flame.
You hit the fire elemental.
The fire elemental is lightly damaged.
The fire elemental barely misses you.
The deep elf pyromancer mumbles some strange words.
The deep elf pyromancer blinks!
The fire elemental hits you. The fire elemental burns you!
The deep elf pyromancer casts a spell.
The deep elf pyromancer blinks!
The deep elf pyromancer gestures wildly while chanting.
You hit the deep elf pyromancer but do no damage.
The fire elemental hits you. The fire elemental burns you!
The deep elf pyromancer closely misses you.
The fire elemental barely misses you.
You closely miss the deep elf pyromancer.
The fire elemental hits you. The fire elemental burns you!
* * * LOW HITPOINT WARNING * * *
The fire elemental barely misses you.
The deep elf pyromancer hits you but does no damage.
The fire elemental hits you.
* * * LOW HITPOINT WARNING * * *
The fire elemental burns you!
You die...

▓▓▓▓ ▓▓▓ ...####
##.#####
......#####..#___#
....)..#..#..#!.☼#
#.##...#..#..###E#+###+#
#.###..##'#..#.eEE......
##.##..###...'.⌠@.......
..##..####...#...######+
..##..###....#.⌠.#
.##...##†....#...#
##....#......#)###
##..##.#.....#...#
#..#####....#___# ▓▓▓▓
▓▓▓▓▓▓▓▓▓▓


You could see a deep elf pyromancer and 3 fire elementals.

Vanquished Creatures
  A scorpion (D)
  A water elemental (D)
  A wizard (D)
  Jessica (D)
  A human (D)
  A kobold demonologist (D)
  2 endoplasms (D)
  A rat (D)
9 creatures vanquished.

Notes
Turn   | Place    | Note
-------+----------+-------------------------------------------
     0 | D        | sircluck the Gargoyle Fighter began the quest for the Orb.
     0 | D        | Reached XP level 1. HP: 14/14 MP: 1/1
    30 | D        | Noticed Jessica
    36 | D        | Killed Jessica
    37 | D        | Reached XP level 2. HP: 6/20 MP: 2/2
    37 | D        | Reached XP level 3. HP: 8/25 MP: 3/3
   117 | D        | Reached skill level 5 in Armour
   122 | D        | Noticed a scorpion
   131 | D        | Killed a scorpion
   132 | D        | Reached skill level 5 in Shields
   132 | D        | Reached XP level 4. HP: 26/32 MP: 4/4
   194 | D        | Noticed a water elemental
   221 | D        | Killed a water elemental
   222 | D        | Reached skill level 1 in Dodging
   222 | D        | Reached XP level 5. HP: 19/38 MP: 5/5
   279 | D        | Found a radiant altar of Vehumet.
   279 | D        | Found a shimmering blue altar of Sif Muna.
   279 | D        | Found an ancient bone altar of Kikubaaqudgha.
   282 | D        | Noticed a chaos spawn
   289 | D        | Reached skill level 5 in Maces & Flails
   319 | D        | Found a glowing silver altar of Zin.
   319 | D        | Found a glowing golden altar of the Shining One.
   319 | D        | Found a white marble altar of Elyvilon.
   320 | D        | Noticed a deep elf pyromancer
   321 | D        | Noticed a fire elemental
   325 | D        | Noticed a fire elemental
   325 | D        | Noticed a fire elemental
   326 | D        | Mangled by a fire elemental

Illustrated notes

Levels and vault maps discovered:
D:        dungeon_sprint_mu [sprint_mu_entry_cave, sprint_mu_temple_rooms,
          sprint_mu_d1_spiders, sprint_mu_d2_genie, sprint_mu_d3_branching,
          sprint_mu_orc_legion, sprint_mu_elf_gauntlet, sprint_mu_hive_nellie,
          sprint_mu_lair_fedhas, sprint_mu_vaults_butterflies,
          sprint_mu_slime_circle, sprint_mu_swamp_cave, sprint_mu_snake_twists,
          sprint_mu_blade_basic, sprint_mu_crypt_lich, sprint_mu_tomb_spiral,
          sprint_mu_vestibule_basic, sprint_mu_gehenna_hellfire,
          sprint_mu_dis_giant, sprint_mu_tartarus_statrot,
          sprint_mu_cocytus_islands, sprint_mu_zot1]

Skill      XL: |  1  2  3  4  5 |
---------------+----------------+-----
Fighting       | 4 6 7 |  7.5
Armour         | 4 6 7 |  7.6
Shields        | 4 5 6 7 |  7.0
Maces & Flails | 3 4 5 |  5.0
Dodging        | 1 |  1.4

Action                     |  1- 3 |  4- 6 || total
---------------------------+-------+-------++-------
  Melee: Flail             |    20 |    31 ||    51
    Use: Potion            |       |     1 ||     1
 Armour: Scale mail        |    16 |    11 ||    27
  Dodge: Dodged            |    15 |    17 ||    32
  Block: Buckler           |       |     5 ||     5

Table legend: (Time is in decaauts)
 A = Elapsed time spent in this place.
 B = Non-inter-level travel time spent in this place.
 C = Inter-level travel time spent in this place.
 D = Time resting spent in this place.
 E = Time spent auto-exploring this place.
 F = Levels seen in this place.
 G = Mean time per level.
                   A        B        C        D        E       F      G
               +--------+--------+--------+--------+--------+-----+--------+
         Total |    340 |    333 |      7 |     50 |    129 |   1 |  340.0 |
       Dungeon |    340 |    333 |      7 |     50 |    129 |   1 |  340.0 |
               +--------+--------+--------+--------+--------+-----+--------+

Top non-repeatable levels by time:
       D: 340 daAuts
